 Dungeon Crawl Stone Soup version 0.17-a0-1485-g22cb0ee (webtiles) character file.

8123 mrath the Nimble (level 11, -7/153 HPs)
             Began as a Troll Hunter on July 5, 2015.
             Was a High Priest of Nemelex Xobeh.
             Mangled by Maud
             ... wielding a +2 double sword
              (12 damage)
             ... on level 11 of the Dungeon on July 6, 2015.
             The game lasted 03:49:36 (11747 turns).

mrath the Nimble (Troll Hunter)                    Turns: 11747, Time: 03:49:37

Health: -7/153     AC: 10    Str: 30    XL:     11   Next: 5%
Magic:  11/11      EV: 15    Int:  7    God:    Nemelex Xobeh [*****.]
Gold:   84         SH:  0    Dex: 15    Spells: 0 memorised, 10 levels left

rFire  . . .     SeeInvis .     F - +3 mace (protect)
rCold  . . .     Clarity  .     d - +0 robe
rNeg   + . .     SustAt   .     (no shield)
rPois  .         Gourm    +     (helmet restricted)
rElec  .         Spirit   .     (no cloak)
rCorr  .         Warding  .     (gloves unavailable)
rMut   +         Stasis   .     (boots unavailable)
MR     .....                    O - amulet of resist mutation
Stlth  ..........               y - +5 ring of dexterity
                                P - ring of positive energy

@: berserking (expiring), very quick, not resistant to hostile enchantments,
extremely unstealthy
A: unfitting armour, claws 3, fast metabolism 3, gourmand, regeneration 2,
shaggy fur 1, tough skin 2
a: Triple Draw, Deal Four, Stack Five, Renounce Religion


You were on level 11 of the Dungeon.
You worshipped Nemelex Xobeh.
Nemelex Xobeh was extremely pleased with you.
You were not hungry.

You visited 1 branch of the dungeon, and saw 11 of its levels.

You collected 633 gold pieces.
You spent 549 gold pieces at shops.

Inventory:

Hand weapons
 c - a +1 morningstar of protection
 i - a +0 hunting sling
 u - a +4 mace
 v - a +1 mace of holy wrath
 x - a +0 dagger of speed
 F - a +3 mace of protection (weapon)
 J - a +0 shortbow
 M - a +1 hand crossbow of flaming
 W - a +1 dagger of speed
Missiles
 a - 79 bolts
 h - 394 stones
 j - 133 sling bullets
 k - 30 poisoned needles
 l - 7 curare-tipped needles
 m - 201 arrows
 A - 4 tomahawks
 K - 20 arrows of frost
 Q - a large rock
 X - 8 javelins (quivered)
Armour
 d - a +0 robe (worn)
Jewellery
 o - an uncursed ring of protection from cold
 y - a +5 ring of dexterity (right claw)
 G - an uncursed amulet of resist corrosion
 O - an amulet of resist mutation (around neck)
 P - a ring of positive energy (left claw)
Magical devices
 f - a wand of fireball (1)
 s - a wand of polymorph (3)
 H - a wand of disintegration (0)
 T - a wand of hasting (7)
 U - a wand of slowing (29)
 Y - a wand of flame (21)
Scrolls
 b - 2 scrolls of remove curse
 g - 2 scrolls of recharging
 w - 2 scrolls of identify
 D - 2 scrolls of teleportation
 N - a scroll of amnesia
 S - a scroll of summoning
Potions
 q - a potion of lignification {unknown}
 r - a potion of magic
 t - 2 potions of brilliance
 B - a potion of cancellation
 C - a potion of beneficial mutation {unknown}
 L - a potion of invisibility {unknown}
Miscellaneous
 n - a plain deck of war {drawn: 3}
 I - a plain deck of destruction {drawn: 11}
 R - a plain deck of destruction
 Z - an ornate deck of destruction
Comestibles
 e - 5 bread rations
 p - 8 chunks of flesh
 E - 13 slices of pizza


   Skills:
 + Level 5.1 Fighting
 + Level 1.0 Short Blades
 + Level 5.9 Maces & Flails
 + Level 2.2 Bows
 + Level 3.9 Crossbows
 + Level 6.5 Throwing
 + Level 9.0 Dodging
 + Level 2.2 Stealth
 + Level 2.1 Evocations


You had 10 spell levels left.
You didn't know any spells.

Dungeon Overview and Level Annotations

Branches:
Dungeon (11/15)            Temple (0/1) D:4
   Lair: D:8-11         Orc: D:9-12

Altars:
Cheibriados
Dithmenos
Kikubaaqudgha
Nemelex Xobeh
Ru
Sif Muna
Xom
Zin

Shops:
D:7 %%*%[

Annotations:
D:11 Maud, Snorg


Innate Abilities, Weirdness & Mutations

You are too large for most types of armour.
You have claws for hands.
Your metabolism is lightning-fast.
You like to eat raw meat.
You heal very quickly.
You are covered in fur (AC +1).
You have very tough skin (AC +2).


Message History

A centaur comes into view.
You closely miss Maud.
Maud is almost dead.
The centaur shouts!
Maud hits you with an enchanted double sword!!
* * * LOW HITPOINT WARNING * * *
You hit Maud.
Maud is almost dead.
Maud hits you with an enchanted double sword!
* * * LOW HITPOINT WARNING * * *
A hill giant comes into view. It is wielding a giant club.
You barely miss Maud.
Maud is almost dead.
Maud is no longer covered in acid.
You hit Maud but do no damage.
Maud is almost dead.
Maud screams, "I want it!"
Maud hits you with an enchanted double sword!
You die...
Your body glows slightly and disappears.

####.#### ###..# #...##
####.##### #........#
## #........# # #§
#........#
....##C#######........#
#...cT@@............#
####c#######........#
#§ ########## #. #§ #.
#' ..


You could see Maud, Snorg, a hill giant and 2 centaurs.

Vanquished Creatures
  The ghost of emikaela the Spear-Bearer, an experienced OpWn of Fedhas (D:10)
  Joseph (D:8)
  A hornet (D:10)
  2 trolls
  A deep elf mage (D:9)
  A human (D:7)
  3 wraiths
  A hippogriff (D:7)
  2 hungry ghosts
  A water moccasin (D:9)
  3 ice beasts
  3 ogres
  A necrophage (D:5)
  An orc warrior (D:8)
  2 sky beasts
  A wasp (D:9)
  5 centaurs
  3 phantoms
  3 big kobolds
  A brain worm (D:10)
  5 giant frogs
  A wyvern zombie (D:8)
  A water moccasin zombie (D:9)
  2 scorpions (D:10)
  5 wights (D:10)
  7 killer bees
  2 electric eels (D:6)
  3 crimson imps
  A quasit (D:9)
  A giant frog zombie (D:5)
  7 orc wizards
  10 orc priests
  7 hounds
  3 jellies
  A gnoll shaman (D:7)
  8 worker ants
  An iguana (D:7)
  4 sheep (D:7)
  2 hound zombies
  7 hound skeletons
  A worker ant zombie (D:10)
  10 river rats (D:8)
  8 adders
  10 gnolls
  A shadow imp (D:8)
  An ooze (D:5)
  An adder skeleton (D:8)
  2 worms (D:2)
  3 giant geckos
  43 orcs
  18 bats
  A bat zombie (D:6)
  4 giant cockroaches
  37 goblins
  39 hobgoblins
  6 jackals
  2 quokkas
  3 ball pythons
  A ball python skeleton (D:4)
  6 giant newts
  22 kobolds
  24 rats
358 creatures vanquished.

Vanquished Creatures (collateral kills)
  2 water moccasins
  An orc warrior (D:11)
  A crocodile (D:11)
  A killer bee (D:7)
  An orc priest (D:11)
  A worker ant (D:10)
  A gnoll (D:6)
  5 orcs
  3 goblins (D:6)
  3 hobgoblins (D:6)
19 creatures vanquished.

Grand Total: 377 creatures vanquished

Notes
Turn   | Place    | Note
--------------------------------------------------------------
     0 | D:1      | mrath the Troll Hunter began the quest for the Orb.
     0 | D:1      | Reached XP level 1. HP: 19/19 MP: 0/0
   398 | D:1      | Reached skill level 4 in Throwing
   400 | D:1      | Reached XP level 2. HP: 27/27 MP: 1/1
   850 | D:2      | Reached XP level 3. HP: 31/35 MP: 2/2
  1067 | D:2      | Found a sparkling altar of Nemelex Xobeh.
  1092 | D:2      | Became a worshipper of Nemelex Xobeh the Trickster
  1174 | D:2      | Found a faded altar to an unknown god.
  1174 | D:2      | Received a gift from Nemelex Xobeh
  1435 | D:2      | Found a shadowy altar of Dithmenos.
  1669 | D:3      | Reached XP level 4. HP: 28/42 MP: 3/3
  1834 | D:3      | Reached XP level 5. HP: 46/49 MP: 4/4
  2051 | D:3      | Found an ancient bone altar of Kikubaaqudgha.
  2096 | D:3      | Found a shimmering altar of Xom.
  2323 | D:3      | Reached skill level 1 in Short Blades
  2323 | D:3      | Reached skill level 5 in Throwing
  2520 | D:4      | Reached XP level 6. HP: 54/57 MP: 5/5
  2603 | D:4      | Found a deep blue altar of Sif Muna.
  2604 | D:4      | Found a glowing silver altar of Zin.
  2722 | D:4      | Found a staircase to the Ecumenical Temple.
  3145 | D:4      | Found a sacrificial altar of Ru.
  3328 | D:4      | Received a gift from Nemelex Xobeh
  3505 | D:5      | Entered Level 5 of the Dungeon
  3610 | D:5      | Reached skill level 1 in Maces & Flails
  3610 | D:5      | Reached XP level 7. HP: 62/66 MP: 6/6
  3858 | D:5      | Reached skill level 6 in Throwing
  4580 | D:6      | Reached skill level 5 in Dodging
  4580 | D:6      | Reached skill level 1 in Stealth
  4580 | D:6      | Reached XP level 8. HP: 74/74 MP: 7/7
  4631 | D:6      | Reached skill level 1 in Bows
  4695 | D:6      | HP: 1/74 [orc priest/divine providence (13)]
  4906 | D:6      | Received a gift from Nemelex Xobeh
  6179 | D:7      | Found Vaqen's Food Boutique.
  6185 | D:7      | Bought a slice of pizza for 21 gold pieces
  6185 | D:7      | Bought a slice of pizza for 21 gold pieces
  6185 | D:7      | Bought a slice of pizza for 21 gold pieces
  6185 | D:7      | Bought a slice of pizza for 21 gold pieces
  6185 | D:7      | Bought a bread ration for 70 gold pieces
  6185 | D:7      | Bought a bread ration for 70 gold pieces
  6216 | D:7      | Reached XP level 9. HP: 69/83 MP: 8/8
  6302 | D:7      | Found Bocriynn's Armour Shoppe.
  6522 | D:7      | Reached skill level 7 in Dodging
  6714 | D:7      | Found Nuecrell's General Store.
  6730 | D:7      | Bought a potion of curing for 33 gold pieces
  6730 | D:7      | Bought a scroll of enchant weapon for 82 gold pieces
  6730 | D:7      | Bought a scroll of identify for 22 gold pieces
  6893 | D:7      | Reached skill level 1 in Crossbows
  6911 | D:7      | Found Riklu's Food Shoppe.
  6927 | D:7      | Found Veostotu's Food Emporium.
  7052 | D:7      | Acquired Nemelex Xobeh's first power
  7063 | D:7      | Found a snail-covered altar of Cheibriados.
  7510 | D:8      | Noticed Joseph
  7533 | D:8      | Killed Joseph
  8039 | D:8      | Acquired Nemelex Xobeh's second power
  8072 | D:8      | Received a gift from Nemelex Xobeh
  8695 | D:9      | Reached XP level 10. HP: 6/93 MP: 9/9
  8903 | D:9      | Reached skill level 8 in Dodging
  9307 | D:9      | Received a gift from Nemelex Xobeh
  9615 | D:9      | Reached skill level 1 in Evocations
  9889 | D:7      | Bought 31 bolts for 68 gold pieces
  9889 | D:7      | Bought a scroll of summoning for 104 gold pieces
  9889 | D:7      | Bought a beef jerky for 16 gold pieces
 10025 | D:10     | Entered Level 10 of the Dungeon
 10446 | D:10     | Reached skill level 5 in Maces & Flails
 10656 | D:10     | Received a gift from Nemelex Xobeh
 10688 | D:10     | Noticed emikaela's ghost (experienced OpWn)
 10749 | D:10     | Killed emikaela's ghost
 10749 | D:10     | Reached skill level 5 in Fighting
 11117 | D:10     | Noticed a cyan ugly thing
 11121 | D:10     | Noticed an anaconda
 11121 | D:10     | a cyan ugly thing changed into an anaconda
 11122 | D:10     | an anaconda changed into a hornet
 11162 | D:10     | Acquired Nemelex Xobeh's third power
 11359 | D:11     | Noticed a manticore
 11514 | D:10     | Reached XP level 11. HP: 52/102 MP: 11/11
 11621 | D:11     | Reached skill level 9 in Dodging
 11724 | D:11     | Noticed Maud
 11737 | D:11     | Noticed Snorg
 11745 | D:11     | HP: 4/153 [Maud/enchanted double sword (13)]
 11746 | D:11     | Noticed a hill giant
 11747 | D:11     | Mangled by Maud

Vault maps used:
D:1:      dpeg_arrival_pits
D:2:      overflow_temple_1_default, ecumenical_altar_2,
          grunt_dithmenos_smoke_and_mirrors
D:3:      grunt_temple_overflow_open, first_bread
D:4:      nicolae_overflow_hidden_temple, gammafunk_temple_overflow_pools,
          temple_statues
D:6:      minmay_goblin_kobold_castle
D:7:      nicolae_overflow_crystal_walls, serial_shops, shop,
          nicolae_shop_crystal, shop, shop, shop, grunt_livestock
D:8:      dk_rats_in_the_wall, uniq_joseph
D:11:     dpeg_oklobed_lair, uniq_snorg, uniq_maud

Action                   |  1- 3 |  4- 6 |  7- 9 | 10-12 || total
-------------------------+-------+-------+-------+-------++-------
Melee: Short sword       |   123 |    67 |     7 |       ||   197
       Mace              |       |    98 |   456 |   275 ||   829
 Fire: Shortbow          |       |       |    83 |       ||    83
       Hand crossbow     |       |       |   109 |    49 ||   158
Throw: Large rock        |    43 |    19 |    17 |    11 ||    90
       Stone             |     4 |    78 |     1 |    24 ||   107
       Throwing net      |       |     4 |     1 |       ||     5
       Tomahawk          |       |    15 |       |     9 ||    24
       Javelin           |       |       |       |     6 ||     6
Evoke: Deck              |       |       |     7 |    24 ||    31
       Wand              |       |       |     2 |    17 ||    19
  Use: Scroll            |     5 |     3 |    13 |     6 ||    27
       Potion            |       |     3 |     6 |     5 ||    14
 Stab: Sleeping          |       |       |     1 |       ||     1
  Eat: Chunk             |    11 |    18 |    23 |    10 ||    62
       Pizza             |     1 |       |       |       ||     1
       Meat ration       |       |       |     4 |     1 ||     5
       Bread ration      |       |       |     1 |     2 ||     3
       Fruit             |       |       |     2 |       ||     2
       Beef jerky        |       |       |       |     3 ||     3
